 Dungeon Crawl Stone Soup version 0.19.5 (webtiles) character file.

252 Monsterracer the Conjurer (level 5, -3/31 HPs)
             Began as a High Elf Conjurer on Oct 26, 2017.
             Slain by Pikel
             ... wielding a +0 whip of electrocution
              (12 damage)
             ... on level 4 of the Dungeon.
             The game lasted 00:04:47 (3319 turns).

Monsterracer the Conjurer (High Elf Conjurer)       Turns: 3319, Time: 00:04:47

Health: -3/31      AC:  3    Str:  7    XL:     5   Next: 89%
Magic:  4/12       EV: 13    Int: 20    God:
Gold:   111        SH:  0    Dex: 19    Spells: 4 memorised, 0 levels left

rFire  . . .     SeeInvis .     p - +3 dagger (speed)
rCold  . . .     Gourm    .     a - +0 robe
rNeg   . . .     Faith    .     (no shield)
rPois  .         Spirit   .     t - +0 helmet
rElec  .         Reflect  .     (no cloak)
rCorr  .         Harm     .     (no gloves)
MR     .....                    (no boots)
Stlth  ++........               (no amulet)
                                (no ring)
                                z - +4 ring of dexterity

@: no status effects
A: no striking features
a: no special abilities


You were on level 4 of the Dungeon.
You were not hungry.

You visited 1 branch of the dungeon, and saw 4 of its levels.

You collected 111 gold pieces.

Inventory:

Hand Weapons
 p - a +3 dagger of speed (weapon)
Armour
 a - a +0 robe (worn)
 d - a +0 buckler
 t - a +0 helmet (worn)
Jewellery
 z - a +4 ring of dexterity (left hand)
Wands
 u - a wand of slowing (25/48)
Scrolls
 e - a scroll of fear {unknown}
 g - a scroll of remove curse {unknown}
 h - 3 scrolls of identify {unknown}
 i - 2 scrolls of noise {unknown}
 k - a scroll of teleportation {unknown}
 m - a scroll of random uselessness {unknown}
 n - 4 scrolls of recharging {unknown}
 q - a scroll of enchant armour {unknown}
 y - a scroll of fog {unknown}
Potions
 f - a potion of degeneration {unknown}
 j - a potion of haste {unknown}
 l - a potion of flight {unknown}
 o - 2 potions of curing {unknown}
 v - a potion of might {unknown}
 A - a potion of heal wounds {unknown}
Books
 b - a book of Conjurations

   Spells                             Type                      Level
   a - Magic Dart                     Conjuration                  1
   b - Searing Ray                    Conjuration                  2
   c - Dazzling Spray                 Conjuration/Hexes            3
   d - Fulminant Prism                Conjuration/Hexes            4
   e - Iskenderun's Mystic Blast      Conjuration                  4
   f - Iskenderun's Battlesphere      Conjuration/Charms           5
Comestibles
 c - 5 bread rations
 r - a fruit
 w - a royal jelly
 x - a meat ration


   Skills:
 - Level 2.1 Dodging
 - Level 2.1 Stealth
 + Level 4.1 Spellcasting
 * Level 7.0 Conjurations
 * Level 1.0 Charms


You couldn't memorise any spells.
You knew the following spells:

 Your Spells              Type           Power        Failure   Level  Hunger
a - Magic Dart            Conj           ####         1%          1    None
b - Searing Ray           Conj           ####..       1%          2    #......
c - Iskenderun's Mystic   Conj           ####....     10%         4    ####...
d - Iskenderun's Battles  Conj/Chrm      ###.....     71%         5    ######.


Dungeon Overview and Level Annotations

Branches:
Dungeon (4/15)
 Temple: D:4-7

Altars:
Gozag

Annotations:
D:4 Pikel


Message History

Press: ? - help, Shift-Dir - straight line, f/p - adder
Aim: an adder The magic dart hits the adder.
The adder is lightly wounded.
Casting: Magic Dart
Confirm with . or Enter, or press ? or * to list all spells.
Aiming: Magic Dart
Press: ? - help, Shift-Dir - straight line, f/p - adder
Aim: an adder (lightly wounded)
The magic dart hits the adder.
The adder is heavily wounded.
Casting: Magic Dart
Confirm with . or Enter, or press ? or * to list all spells.
Aiming: Magic Dart
Press: ? - help, Shift-Dir - straight line, f/p - adder
Aim: an adder (heavily wounded)
The magic dart hits the adder.
The adder is almost dead.
Unknown command.
Casting: Magic Dart
Confirm with . or Enter, or press ? or * to list all spells.
Aiming: Magic Dart
Press: ? - help, Shift-Dir - straight line, p - adder The adder bites you.
An adder is nearby!
Casting: Magic Dart
Confirm with . or Enter, or press ? or * to list all spells.
Aiming: Magic Dart
Press: ? - help, Shift-Dir - straight line, f - adder
Aim: an adder (almost dead)
The magic dart hits the adder.
You kill the adder!
Casting: Magic Dart
Confirm with . or Enter, or press ? or * to list all spells.
You can't see any susceptible monsters within range! (Use Z to cast anyway.) Unknown command.
HP restored.
All of the chunks of flesh in your inventory have rotted away.
A quokka comes into view.
A quokka is nearby!
Casting: Magic Dart
Confirm with . or Enter, or press ? or * to list all spells.
Aiming: Magic Dart
Press: ? - help, Shift-Dir - straight line, f - quokka
Aim: a quokka (hasn't noticed you)
The magic dart hits the quokka.
The quokka is almost dead.
Casting: Magic Dart
Confirm with . or Enter, or press ? or * to list all spells.
Aiming: Magic Dart
Press: ? - help, Shift-Dir - straight line, f/p - quokka
Aim: a quokka (almost dead)
The magic dart hits the quokka.
You kill the quokka!
Your Conjurations skill increases to level 7!
You now have 111 gold pieces (gained 14).
Found 15 arrows.
A worm, 2 slaves and Pikel come into view.
Pikel is wielding a whip of electrocution.
There are monsters nearby!
Pikel shouts!
Found 7 gold pieces.
Found a stone staircase leading up and a stone staircase leading down. 2 slaves come into view.
The slave shouts!
A leopard gecko comes into view.
An adder comes into view.
Casting: Magic Dart
Confirm with . or Enter, or press ? or * to list all spells.
Aiming: Searing Ray
Press: ? - help, Shift-Dir - straight line, f - Pikel
Aim: Pikel, wielding a whip of electrocution and wearing an embroidered robe The searing ray hits Pikel. (Press . to maintain the ray.)
The searing ray hits Pikel.
Pikel is lightly wounded.
The searing ray hits Pikel.
Pikel is lightly wounded.
The searing ray hits Pikel.
Pikel is heavily wounded.
The searing ray misses the slave.
You finish channeling your searing ray.
Pikel barely misses you.
Casting: Searing Ray
Confirm with . or Enter, or press ? or * to list all spells.
Aiming: Searing Ray
Press: ? - help, Shift-Dir - straight line, f/p - Pikel
Aim: Pikel, wielding a whip of electrocution and wearing an embroidered robe (heavily wounded)
The searing ray hits Pikel.
Pikel is heavily wounded. (Press . to maintain the ray.) Pikel hits you with a whip of electrocution.
The searing ray hits Pikel.
Pikel is severely wounded.
Pikel hits you with a whip of electrocution!
The searing ray hits Pikel.
Pikel is severely wounded.
Pikel hits you with a whip of electrocution!
* * * LOW HITPOINT WARNING * * *
You are electrocuted!
You die...

##..##..####.......#.#
##.##..##....._.....#
#......#.#.......#.#
###......#.8...8.#.#
#.#....##.....## #
#.#.....###.###
#p#.....# .#
#K#......# .#
#@#....#.# ##.##...#.#
#..##..##.# # #.##..##
.. #.#...# #.# #.#.#.#
...#.
##.#.#.####......
#........<.....#
#......####....#


You could see Pikel and a slave.

Vanquished Creatures
  A centaur (D:3)
  A centaur skeleton (D:4)
  Robin (D:3)
  6 adders
  An ooze (D:2)
  An adder skeleton (D:4)
  A worm (D:2)
  2 dart slugs (D:2)
  7 bats
  2 giant cockroaches (D:2)
  14 goblins
  13 hobgoblins
  A quokka (D:4)
  4 frilled lizards
  4 kobolds
  8 rats
67 creatures vanquished.

Notes
Turn   | Place    | Note
-------+----------+-------------------------------------------
     0 | D:1      | Monsterracer the High Elf Conjurer began the quest for the Orb.
     0 | D:1      | Reached XP level 1. HP: 11/11 MP: 4/4
   295 | D:1      | Reached XP level 2. HP: 17/17 MP: 2/6
   648 | D:1      | Reached skill level 5 in Conjurations
  1011 | D:2      | Reached XP level 3. HP: 21/21 MP: 6/8
  1015 | D:2      | Learned a level 2 spell: Searing Ray
  1580 | D:2      | HP: 10/21 [worm (11)]
  2168 | D:3      | Reached XP level 4. HP: 23/27 MP: 5/9
  2174 | D:3      | Learned a level 4 spell: Iskenderun's Mystic Blast
  2239 | D:3      | Noticed Robin
  2301 | D:3      | Killed Robin
  2400 | D:3      | Noticed a centaur
  2414 | D:3      | Killed a centaur
  2414 | D:3      | Reached skill level 6 in Conjurations
  2414 | D:3      | Reached XP level 5. HP: 28/31 MP: 6/11
  3105 | D:4      | Learned a level 5 spell: Iskenderun's Battlesphere
  3133 | D:4      | Found an opulent altar of Gozag.
  3144 | D:4      | Reached skill level 1 in Charms
  3262 | D:4      | Reached skill level 7 in Conjurations
  3285 | D:4      | Noticed Pikel
  3285 | D:4      | Noticed a slave
  3285 | D:4      | Noticed a slave
  3287 | D:4      | Noticed a slave
  3287 | D:4      | Noticed a slave
  3319 | D:4      | HP: 9/31 [Pikel/whip of electrocution (11)]
  3319 | D:4      | Slain by Pikel

Skill      XL: |  1  2  3  4  5 |
---------------+----------------+-----
Conjurations   | 5 6 7 |  7.0
Spellcasting   | 3 4 |  4.1
Charms         | 1 |  1.0
Dodging        | |  2.1
Stealth        | |  2.1

Action                   |  1- 3 |  4- 6 || total
-------------------------+-------+-------++-------
Melee: Unarmed           |     2 |       ||     2
       Dagger            |       |    25 ||    25
 Cast: Magic Dart        |    61 |    44 ||   105
       Searing Ray       |     2 |     7 ||     9
  Eat: Chunk             |     4 |     3 ||     7
Armor: Robe              |     1 |     1 ||     2
Dodge: Dodged            |     4 |    16 ||    20

Vault maps used:
D:1:      minmay_arrival_three_doors, serial_glass, glass_columns_c,
          glass_columns_a, glass_columns_c, glass_columns_a
D:2:      first_bread
D:3:      uniq_robin
D:4:      grunt_gozag_statues, tso_metal_star, guppyfry_early_lair_pool,
          uniq_pikel, uniq_eustachio
